 Dungeon Crawl Stone Soup version 0.30-a0-42-g806c11bf1d (webtiles) character file.

Game seed: 17246712331252751712

359 wilfster70 the Covert (level 6, -1/40 HPs)
             Began as a Kobold Delver on Aug 29, 2022.
             Was an Initiate of Gozag.
             Splashed by a jelly's acid (5 damage)
             ... on level 6 of the Dungeon on Aug 30, 2022.
             The game lasted 00:09:48 (4628 turns).

wilfster70 the Covert (Kobold Delver)               Turns: 4628, Time: 00:09:49

Health: -1/40      AC:  0    Str: 15    XL:     6   Next: 98%
Magic:  6/6        EV: 16    Int: 17    God:    Gozag
Gold:   247        SH:  0    Dex: 17    Spells: 5/5 levels left

rFire   . . .      SeeInvis .    u - +2 dagger (venom)
rCold   . . .      Faith    .    (no shield)
rNeg    . . .      Spirit   .    l - +0 leather armour
rPois   .          Reflect  .    d - +1 hat
rElec   .          Harm     .    (no cloak)
rCorr   .          Rampage  .    (no gloves)
Will    .....                    (no boots)
Stlth   ++++......               (no amulet)
HPRegen 0.13/turn                j - ring "Tuyzil" {Fly Str+6 Int+4 Stlth-}
MPRegen 0.10/turn                (no ring)

@: corroded, flying, studying Fire Magic
A: small, no large weapons, nightstalker 3
a: Renounce Religion, Potion Petition, Call Merchant, Bribe Branch


You were on level 6 of the Dungeon.
You worshipped Gozag.
Gozag was aware of your devotion.
You visited 1 branch of the dungeon, and saw 6 of its levels.

You collected 301 gold pieces.
You paid 54 gold pieces to Gozag.

Inventory:

Hand Weapons
 a - a +1 dagger of electrocution
 b - a +0 sling
 u - a +2 dagger of venom (weapon)
Armour
 d - a +1 hat (worn)
 l - a +0 leather armour (worn)
Jewellery
 j - the ring "Tuyzil" (left hand) {Fly Str+6 Int+4 Stlth-}
   (You acquired it on level 1 of the Dungeon)

   [ring of strength]

   Str:       It affects your strength (+6).
   Int:       It affects your intelligence (+4).
   Fly:       It grants you flight.
   Stlth:     It makes you less stealthy.
 s - a ring of ice
Wands
 g - a wand of digging (3)
 y - a wand of paralysis (7)
Scrolls
 c - 4 scrolls of fog
 e - 2 scrolls of fear
 n - a scroll of amnesia
 p - a scroll of teleportation
 q - 2 scrolls of poison {unknown}
 r - a scroll of identify
 v - a scroll of enchant weapon {unknown}
 B - a scroll of noise {unknown}
Potions
 f - a potion of haste
 h - 6 potions of curing
 i - a potion of might {unknown}
 k - a potion of flight {unknown}
 m - a potion of cancellation {unknown}
 o - a potion of heal wounds {unknown}
 t - 2 potions of lignification
 w - a potion of magic {unknown}
 x - a potion of mutation {unknown}
 z - a potion of invisibility
 A - a potion of resistance
 C - a potion of attraction {unknown}


   Skills:
 + Level 4.8 Fighting
 + Level 5.0 Short Blades
 + Level 4.6 Dodging
 + Level 8.1 Stealth


You had 5 spell levels left.
You didn't know any spells.
Your spell library contained the following spells:

 Spells                   Type           Power      Damage    Failure   Level
 Foxfire                  Conj/Fire      0%         2x1d4     28%         1
 Shock                    Conj/Air       0%         1d3       28%         1
 Blink                    Tloc           0%         N/A       41%         2
 Conjure Flame            Conj/Fire      0%         6-21      65%         3
 Inner Flame              Hex/Fire       0%         N/A       65%         3
 Lesser Beckoning         Tloc           0%         N/A       65%         3
 Flame Wave               Conj/Fire      0%         2d4       96%         4
 Manifold Assault         Tloc           0%         N/A       100%        5


Dungeon Overview and Level Annotations

Branches:
Dungeon (6/15)
 Temple: D:4-7

Altars:
Gozag
Kikubaaqudgha
Makhleb
Sif Muna
Trog
Vehumet
Wu Jian


Innate Abilities, Weirdness & Mutations

You are small and have problems with some larger weapons.
You are completely attuned to the shadows.


Message History

You reach down and open the door.
There is an open door here.
You reach down and open the door.
There is an open door here.
Found a leather armour.
You reach down and open the door.
A sourceless malevolence fills the Dungeon...
You are sucked into a shaft and drop 2 floors!
The shaft crumbles and collapses.
Found a stone staircase leading down.
Found a viscous inky potion.
A hound comes into view.
You see here a viscous inky potion.
The helpless hound fails to defend itself.
You spit the hound like a pig!!!
You kill the hound!
Your Short Blades skill increases to level 5!
You now have 247 gold pieces (gained 5).
C - a viscous inky potion
Found an escape hatch in the floor.
You reach down and open the door.
There is an open door here.
A jelly comes into view.
The jelly moves out of view.
An ice beast comes into view.
The jelly hits you but does no damage. The jelly attacks as you move away!
The jelly hits you. The acid corrodes you!
You are splashed with acid!
The jelly attacks as you move away! The jelly hits you.
You are splashed with acid!
You hit the jelly but do no damage.
Your hands burn!
The jelly misses you.
You hit the jelly.
The jelly is poisoned.
Your hands burn!
The jelly is moderately wounded.
The jelly hits you.
* * * LOW HITPOINT WARNING * * *
You are splashed with acid!
* * * LOW HITPOINT WARNING * * *
You hit the jelly.
Your hands burn!
You die...
Your body crumbles into a pile of gold.

##### ##### #...#
#...######## #...# .
#######...#......####...#..
......>...'.....@J.........
#######...#......####...##
#######...######## ##....#
............ ...#.#
############ #.Y.# # #...#


You could see a jelly (poisoned).

Vanquished Creatures
  A hound (D:6)
  An orc priest (D:3)
  7 orc wizards (D:3)
  4 adders
  2 river rats (D:3)
  A worm (D:3)
  2 dart slugs (D:3)
  9 orcs
  4 ball pythons
  2 bats
  4 endoplasms
  6 giant cockroaches
  4 goblins
  4 hobgoblins
  3 quokkas
  A frilled lizard (D:2)
  5 kobolds (D:1)
  4 rats (D:1)
64 creatures vanquished.

Notes
Turn   | Place    | Note
-------+----------+-------------------------------------------
     0 | D:5      | wilfster70 the Kobold Delver began the quest for the Orb.
     0 | D:5      | Reached XP level 1. HP: 14/14 MP: 1/1
   177 | D:1      | Identified a scroll of acquirement
   177 | D:1      | Acquired the ring "Tuyzil" {Fly Str+6 Int+4 Stlth-}
   252 | D:1      | Reached XP level 2. HP: 5/19 MP: 2/2
   780 | D:1      | Acquired a manual of Fire Magic
  1039 | D:1      | Reached XP level 3. HP: 23/23 MP: 3/3
  1268 | D:2      | Upgraded the game from 0.30-a0-40-gc6d0f036a7 to
                  | 0.30-a0-42-g806c11bf1d
  1377 | D:2      | Reached skill level 7 in Stealth
  1522 | D:2      | Found a faded altar of an unknown god.
  2453 | D:3      | Reached XP level 4. HP: 10/29 MP: 4/4
  2676 | D:3      | Found an ornate altar of the Wu Jian Council.
  2806 | D:3      | Found an opulent altar of Gozag.
  2813 | D:3      | Found a burning altar of Makhleb.
  2827 | D:3      | Became a worshipper of Gozag Ym Sagoz the Greedy
  2870 | D:3      | Reached XP level 5. HP: 24/33 MP: 5/5
  3029 | D:3      | Found a radiant altar of Vehumet.
  3066 | D:3      | Reached XP level 6. HP: 18/39 MP: 6/6
  3284 | D:3      | Got Vehumet's Parchment of Attacks
  3291 | D:3      | Found an ancient bone altar of Kikubaaqudgha.
  3302 | D:3      | Found a shimmering blue altar of Sif Muna.
  3588 | D:3      | Reached skill level 8 in Stealth
  4294 | D:4      | Found a bloodstained altar of Trog.
  4544 | D:4      | You are sucked into a shaft and drop 2 floors!
  4555 | D:6      | Reached skill level 5 in Short Blades
  4619 | D:6      | Noticed an ice beast
  4628 | D:6      | Splashed by a jelly's acid

Illustrated notes

Levels and vault maps discovered:
D:1:      evilmike_arrival_plus, layout_rooms
D:2:      minmay_evil_eye, layout_loops_ring, ebering_ecumenical_altar_box
D:3:      layout_basic, palyth_temple_overflow_mages, nzn_wu_jian_contemplation,
          amethyst_overflow_temple_binary, portal_sewer_entry_c
D:4:      layout_basic, trog_book, nicolae_ru_great_annihilating_truth
D:5:      layout_loops_ring, nicolae_dithmenos_the_darkroom,
          overflow_temple_1_default
D:6:      layout_basic

Skill      XL: |  1  2  3  4  5  6 |
---------------+-------------------+-----
Short Blades   | 3 4 5 |  5.0
Dodging        | 3 4 |  4.6
Stealth        | 7 8 |  8.1
Fighting       | 4 |  4.8

Action                   |  1- 3 |  4- 6 || total
-------------------------+-------+-------++-------
Melee: Short sword       |    34 |       ||    34
       Dagger            |    69 |    98 ||   167
       Punch             |       |     1 ||     1
  Use: Scroll            |     5 |     4 ||     9
       Potion            |       |     2 ||     2
 Stab: Sleeping          |    10 |    10 ||    20
Armor: Leather armour    |    20 |    12 ||    32
       Skin              |       |     9 ||     9
Dodge: Dodged            |    65 |    44 ||   109

Table legend: (Time is in decaauts)
 A = Elapsed time spent in this place.
 B = Non-inter-level travel time spent in this place.
 C = Inter-level travel time spent in this place.
 D = Time resting spent in this place.
 E = Time spent auto-exploring this place.
 F = Levels seen in this place.
 G = Mean time per level.
                   A        B        C        D        E       F      G
               +--------+--------+--------+--------+--------+-----+--------+
         Total |   4592 |   4513 |     79 |   1659 |   1697 |   6 |  765.3 |
       Dungeon |   4592 |   4513 |     79 |   1659 |   1697 |   6 |  765.3 |
               +--------+--------+--------+--------+--------+-----+--------+

Top non-repeatable levels by time:
     D:3: 1982 daAuts
     D:1: 1095 daAuts
     D:2: 971 daAuts
     D:4: 414 daAuts
     D:6: 83 daAuts
     D:5: 46 daAuts
